 Dungeon Crawl Stone Soup version 0.21.1 (webtiles) character file.

579399 Firecrotchwizard the Wrestler (level 25, -3/276 HPs)
             Began as a Troll Monk on Feb 1, 2018.
             Was the Champion of Ru.
             Killed from afar by a storm dragon (17 damage)
             ... with a bolt of lightning
             ... on level 2 of the Realm of Zot on Feb 2, 2018.
             The game lasted 03:32:36 (57508 turns).

Firecrotchwizard the Wrestler (Troll Monk)         Turns: 57508, Time: 03:32:36

Health: -3/276     AC: 31    Str: 33    XL:     25   Next: 88%
Magic:  30/31      EV:  5    Int:  8    God:    Ru [******]
Gold:   4386       SH: 28    Dex: 15    Spells: 24/24 levels left

rFire    . . .     SeeInvis +     - Unarmed
rCold    + . .     Gourm    +   U - +3 large shield {rC+}
rNeg     . . .     Faith    .   w - +0 gold dragon scales
rPois    +         Spirit   .   v - +2 hat
rElec    .         Reflect  +   i - +2 cloak {MR+}
rCorr    .         Harm     .   (gloves unavailable)
MR       ++...                  (boots unavailable)
Stlth    ..........             y - +3 amulet of reflection
HPRegen  0.96/turn              r - +6 ring of slaying
MPRegen  0.22/turn              M - ring "Joxux" {MP+9 Str+2 Int+2 SInv}

@: exhausted, hasted, studying Armour, drained, very quick
A: large, unfitting armour, claws 3, fast metabolism 3, gourmand, regeneration
1, shaggy fur 1, tough skin 2, hated by all, inability to train dodging, no
hexes magic, no poison magic, no translocations magic, disrupted magic 1,
temperature sensitive
}: 3/15 runes: decaying, silver, gossamer
a: Draw Out Power, Power Leap, Apocalypse, Renounce Religion


You were on level 2 of the Realm of Zot.
You worshipped Ru.
Ru was exalted by your worship.
You were not hungry.

You visited 9 branches of the dungeon, and saw 44 of its levels.
You visited 2 bazaars.
You also visited: Sewer and Ice Cave.

You collected 6019 gold pieces.
You spent 1633 gold pieces at shops.

Inventory:

Missiles
 s - 3 throwing nets {=f, !d}
 R - 128 large rocks (quivered) {!d}
Armour
 i - a +2 cloak of magic resistance (worn)
   (You bought it in a shop on level 4 of the Dungeon)
 v - a +2 hat (worn)
   (You found it on level 3 of the Vaults)
 w - +0 gold dragon scales (worn)
   (You found it on level 5 of the Depths)
 U - a +3 large shield of cold resistance (worn)
   (You acquired it on level 1 of the Lair of Beasts)
Jewellery
 a - an uncursed ring of ice {rC+, rF-}
   (You found it on level 1 of the Lair of Beasts)
 j - an uncursed ring of magical power {MP+9}
   (You found it on level 2 of the Realm of Zot)
 n - an uncursed ring of flight {+Fly, !d}
   (You found it on level 6 of the Lair of Beasts)
 p - an uncursed ring of protection from cold {rC+, !d}
   (You found it on level 2 of the Dungeon)
 q - an uncursed ring of magical power {MP+9}
   (You found it on level 5 of the Depths)
 r - a +6 ring of slaying (left claw)
   (You took it off a fire giant on level 5 of the Depths)
 t - an uncursed ring of fire {rF+, rC-}
   (You found it on level 4 of the Dungeon)
 y - a +3 amulet of reflection (around neck)
   (You found it on level 6 of the Dungeon)
 I - an uncursed ring of protection from fire {rF+, !d}
   (You found it on level 8 of the Dungeon)
 L - an uncursed ring of resist corrosion
   (You found it on level 2 of the Lair of Beasts)
 M - the ring "Joxux" (right claw) {MP+9 Str+2 Int+2 SInv}
   (You acquired it on level 1 of the Swamp)

   [ring of magical power]

   It affects your strength (+2).
   It affects your intelligence (+2).
   It affects your magic capacity (+9).
   It lets you see invisible.
 O - an uncursed ring of positive energy {rN+}
   (You found it on level 2 of the Lair of Beasts)
Wands
 u - a wand of iceblast (51)
   (You found it on level 15 of the Dungeon)
 G - a wand of polymorph (67)
   (You found it on level 14 of the Dungeon)
 H - a wand of acid (33)
   (You found it on level 1 of the Swamp)
 J - a wand of digging (8)
   (You found it on level 5 of the Lair of Beasts)
 P - a wand of paralysis (25)
   (You found it on level 1 of the Vaults)
 Y - a wand of disintegration (66) {@e1}
   (You found it on level 4 of the Lair of Beasts)
 Z - a wand of flame (70)
   (You found it on level 4 of the Swamp)
Scrolls
 c - 9 scrolls of magic mapping {!r}
 g - 11 scrolls of teleportation
 l - 12 scrolls of identify
 x - 5 scrolls of fear
 z - a scroll of silence
 A - 9 scrolls of fog
 C - 34 scrolls of remove curse
 N - 6 scrolls of holy word {!r}
 V - 4 scrolls of blinking {!r}
Potions
 f - 3 potions of invisibility
 h - 3 potions of haste
 k - 15 potions of lignification {!q}
 m - 9 potions of curing
 o - 6 potions of flight
 B - 2 potions of berserk rage {!q}
 D - a potion of might
 F - a potion of ambrosia
 K - 10 potions of agility
 Q - 2 potions of cancellation
 S - 19 potions of mutation {!q}
 X - a potion of magic
Books
 d - a manual of Armour {!d}
   (You found it on level 5 of the Vaults)
Miscellaneous
 e - a lamp of fire
   (You found it on level 1 of the Depths)
 W - a lightning rod (4/4)
   (You found it on level 4 of the Depths)
Comestibles
 b - 65 rations {@e1}


   Skills:
 - Level 20.9(20.7) Fighting
 - Level 10.0(9.8) Throwing
 + Level 18.9(18.8) Armour
 - Level 1.0(0.9) Stealth
 - Level 15.0(14.8) Shields
 + Level 23.1(22.9) Unarmed Combat


You had 24 spell levels left.
You didn't know any spells.

Dungeon Overview and Level Annotations

Branches:
Dungeon (15/15)            Temple (1/1) D:6            Lair (6/6) D:10
  Swamp (4/4) Lair:3       Spider (4/4) Lair:3        Slime (0/5) Lair:6
    Orc (2/2) D:10            Elf (0/3) Orc:2        Vaults (5/5) D:14
  Crypt (0/3) Vaults:3     Depths (5/5) D:15            Zot (2/5) Depths:5

Altars:
Ashenzari
Cheibriados
Dithmenos
Elyvilon
Gozag
Hepliaklqana
Kikubaaqudgha
Makhleb
Nemelex Xobeh
Qazlal
Ru
Trog
Uskayaw
Vehumet
Wu Jian
Xom
Yredelemnul
Zin
The Shining One
Beogh
Jiyva

Shops:
D:4 *[([   D:10 :   D:15 :   Orc:2 ([([   Vaults:5 *

Portals:
Hell: Depths:1 Depths:2 Depths:3 Depths:4 Depths:5
Abyss: Depths:4
Pandemonium: Depths:3 Depths:4
Ziggurat: Depths:1
Trove: D:10 (give 14 potions of heal wounds)

Annotations:
D:4 exclusion: 2 slaves
D:8 exclusion: two-headed ogre
D:10 exclusion: Psyche, Psyche
Spider:2 1 exclusion
Depths:2 exclusion: obsidian statue
Depths:3 Sojobo
Zot:1 exclusions: draconian stormcaller and 1 more exclusion


Innate Abilities, Weirdness & Mutations

You are too large for most types of armour.
You have claws for hands.
Your metabolism is lightning-fast.
You like to eat raw meat.
Your natural rate of healing is unusually fast.
You are covered in fur. (AC +1)
You have very tough skin. (AC +2)
You are hated by all.
You cannot train Dodging skill.
You cannot study or cast Hexes magic.
You cannot study or cast Poison magic.
You cannot study or cast Translocations magic.
Your casting is slightly disrupted.
You are sensitive to extremes of temperature. (rF-, rC-)


Message History

You block the shadow dragon's attack.
The shadow dragon claws you but does no damage.
You block the shadow dragon's attack.
You redirect the green draconian's attack!
The green draconian hits itself but does no damage.
The green draconian tail-slaps itself.
The moth of wrath goads the green draconian on!
The green draconian goes berserk!
The moth of wrath goads the red draconian on!
The red draconian goes berserk!
You block the shadow dragon's attack.
The shadow dragon claws you but does no damage.
The shadow dragon claws you!
* * * LOW HITPOINT WARNING * * *
You regained 11 hp, and now have 52/276 hp.
You feel much better.
The green draconian is stunned by your will and fails to attack.
You block the shadow dragon's attack. x3
The green draconian hits you with a dire flail!!
* * * LOW HITPOINT WARNING * * *
The green draconian tail-slaps you but does no damage.
The black draconian annihilator gestures wildly while chanting.
The black draconian annihilator blinks!
You regained 2 hp, and now have 54/276 hp.
You feel yourself speed up. You block the shadow dragon's attack.
The shadow dragon claws you.
* * * LOW HITPOINT WARNING * * *
The shadow dragon claws you!
* * * LOW HITPOINT WARNING * * *
The green draconian hits you but does no damage.
You block the green draconian's attack.
The shadow dragon is stunned by your will and fails to attack.
You take 13 damage, and have 41/276 hp.
You eviscerate the shadow dragon!!!
You kill the shadow dragon!
You hear a deafening roar!
You block the green draconian's attack.
The green draconian tail-slaps you but does no damage.
You eviscerate the green draconian!!! You eviscerate the green draconian!!!
You hear a deafening roar!
You block the green draconian's attack. x2
The red draconian rages.
You scratch the green draconian. You eviscerate the green draconian!!!
You kill the green draconian!
You barely miss the red draconian. You mangle the red draconian!!
You block the red draconian's attack.
You closely miss the red draconian. You mangle the red draconian!!
You block the red draconian's attack.
You eviscerate the red draconian!!!!
You kill the red draconian!
You redirect the white draconian's attack!
You mangle the white draconian!!
You scratch the white draconian but do no damage.
You barely miss the white draconian. You block the white draconian's attack.
You scratch the white draconian but do no damage.
You claw the white draconian! You barely miss the white draconian.
The white draconian begins to attack, but is stunned by your will!
You mangle the white draconian!!
You kill the white draconian!
The black draconian annihilator casts a spell at you.
The crystal spear hits you!
* * * LOW HITPOINT WARNING * * *
The moth of wrath bites you.
* * * LOW HITPOINT WARNING * * *
You focus your will and blind the moth of wrath in retribution!
You hear a deafening roar!
Items here: ))) †† a short sword; a hand axe; a dire flail; a white draconian corpse a green draconian corpse You take 43 damage, and have 4/276 hp.
You closely miss the black draconian annihilator.
The black draconian annihilator mumbles some strange words.
The black draconian annihilator blinks!
You block the moth of wrath's attack.
Things that are here:
a glowing cloak; a yellow draconian corpse You eviscerate the moth of wrath!!!!
You kill the moth of wrath!
Items here: ))) †† a short sword; a hand axe; a dire flail; a white draconian corpse a green draconian corpse
Items here: ))) †† a short sword; a hand axe; a dire flail; a white draconian corpse a green draconian corpse You mangle the black draconian annihilator!!
The black draconian annihilator begins to cast a spell, but is stunned by your will!
You scratch the black draconian annihilator but do no damage.
A shadow dragon comes into view.
You eviscerate the black draconian annihilator!!!!
You kill the black draconian annihilator!
An ice dragon comes into view.
The ice dragon roars deafeningly!
You hear a deafening roar! x3
The storm dragon begins to attack, but is stunned by your will!
Things that are here:
a dagger; a glowing cloak The storm dragon breathes lightning at you.
The bolt of lightning hits you!
You die...

..#.$$/#$ #. #D.D$)D$D #.
#..# ##. ##.## ##.. ##[†##
##... #..D.## ##...#
###.##..## ##...## # #...
##.)### ##...##
###..#.####.#@.########...##
..D....[)...#>...........##
# #####..)##################
## ##... ##. ##... ##..
##..q ######..) #...
#.......# #... #......##
#### ##..####


You could see a storm dragon and an ice dragon.

Vanquished Creatures
  A juggernaut (Depths:4)
  The ghost of azzazzello the Eclecticist, a veteran DsFE of Vehumet (Vaults:5)
  The ghost of newst the Axe Maniac, a veteran HOFi of Okawaru (Vaults:5)
  Boris (Depths:4)
  10 caustic shrikes
  A curse toe (Zot:1)
  The ghost of Lucherd the Spry, a veteran GnGl of Okawaru (Vaults:5)
  Saint Roka (Orc:2)
  The ghost of ck1fx the Grim Reaper, an adept DsGl of Yredelemnul (Vaults:5)
  8 golden dragons
  2 electric golems
  Jorgrun (Depths:2)
  5 tentacled monstrosities
  5 liches
  A quicksilver dragon (Zot:2)
  3 titans
  3 death cobs (Zot:1)
  5 sphinxes
  Kirke (Swamp:3)
  4 draconian monks
  8 storm dragons
  11 shadow dragons
  7 tengu reavers
  Donald (Swamp:1)
  9 fire giants
  12 vault wardens
  10 frost giants
  4 ghost moths
  3 deep elf sorcerers
  A draconian scorcher (Depths:5)
  A frost giant (shapeshifter) (Depths:2)
  Aizul (Vaults:1)
  Louise (Swamp:3)
  7 emperor scorpions
  2 draconian shifters (Zot:1)
  3 spriggan defenders
  3 draconian annihilators
  13 ironheart preservers
  6 entropy weavers
  6 war gargoyles
  An entropy weaver (shapeshifter) (Depths:5)
  21 stone giants
  48 very ugly things
  3 green draconians
  A deep elf annihilator (Vaults:2)
  2 vampire knights
  5 red draconians
  2 deep elf demonologists
  A caustic shrike skeleton (Depths:3)
  3 purple draconians (Zot:1)
  Azrael (Orc:2)
  21 spark wasps
  4 white draconians
  4 yellow draconians
  5 black draconians
  9 ettins
  2 deep elf death magi (Vaults:5)
  8 fire dragons
  A merfolk impaler (Depths:3)
  A merfolk javelineer (Depths:3)
  15 yaktaur captains
  9 crystal guardians (Depths:2)
  Snorg (D:13)
  11 great orbs of eyes
  3 deep elf high priests (Vaults:5)
  A great orb of eyes (shapeshifter) (Vaults:5)
  2 blizzard demons (IceCv)
  33 vault guards
  6 rakshasas
  Harold (Orc:1)
  10 ice dragons
  4 centaur warriors
  19 hydras
  4 death knights
  4 spriggan air magi
  2 catoblepae (shapeshifter) (Depths:2)
  4 catoblepae
  An alligator (shapeshifter) (Vaults:4)
  12 ogre magi
  36 two-headed ogres
  A two-headed ogre (shapeshifter) (Depths:4)
  11 dancing weapons
  8 alligators
  7 deep troll shamans
  9 death yaks
  2 hell hogs
  11 deep troll earth magi
  The ghost of fitz the Severer, a novice HOFi of Okawaru (D:7)
  8 spriggan berserkers
  3 tengu warriors
  4 orc high priests
  An iron golem (Depths:2)
  Nergalle (Lair:4)
  21 spriggans
  2 deep elf knights
  Sonja (Lair:1)
  13 skeletal warriors
  An iron troll (shapeshifter) (Vaults:3)
  3 hell knights (Depths:4)
  3 iron trolls
  A shadow wraith (Vaults:2)
  A storm dragon skeleton (Depths:3)
  An unseen horror (shapeshifter) (Vaults:4)
  A death drake (shapeshifter) (Vaults:2)
  4 spriggan druids
  36 deep trolls
  4 flayed ghosts
  9 swamp dragons
  5 unseen horrors
  16 glowing orange brains
  17 ironbrand convokers
  8 phantasmal warriors
  2 deep elf archers
  2 shambling mangroves
  2 sphinx zombies
  A harpy (Vaults:2)
  2 obsidian statues (Depths:2)
  4 wizards
  7 necromancers
  A golden dragon skeleton (Depths:3)
  8 deep elf magi
  19 orc knights
  38 ugly things
  10 orb spiders
  7 orc sorcerers
  A mana viper (shapeshifter) (Depths:2)
  A wolf spider (shapeshifter) (Vaults:4)
  An orb spider (shapeshifter) (Vaults:4)
  2 oklob plants
  26 wolf spiders
  3 manticores
  5 cyclopes
  2 salamanders (Depths:5)
  A manticore (shapeshifter) (Depths:4)
  15 moths of wrath
  11 vault sentinels
  A moth of wrath (shapeshifter) (Depths:2)
  A guardian serpent (shapeshifter) (Vaults:4)
  Joseph (D:8)
  An eye of devastation (shapeshifter) (Vaults:4)
  A rust devil (Depths:3)
  A naga mage (Vaults:3)
  A titan simulacrum (Vaults:3)
  3 black mambas
  7 gargoyles
  Maurice (D:9)
  A water nymph (shapeshifter) (Depths:2)
  6 ice statues
  11 elephants (Lair:6)
  4 molten gargoyles (Depths:2)
  A spriggan zombie (Depths:3)
  3 torpor snails
  17 spiny frogs
  2 rime drakes
  13 yaktaurs
  A hellion (Depths:3)
  7 freezing wraiths
  12 demonic crawlers
  4 komodo dragons
  3 anaconda simulacra (IceCv)
  A yaktaur skeleton (Vaults:2)
  A golden dragon simulacrum (IceCv)
  10 ice devils
  A hellwing (Depths:3)
  A polar bear (Lair:4)
  A jumping spider (shapeshifter) (Depths:2)
  6 tengu conjurers
  27 jumping spiders
  20 trolls
  A merfolk (D:9)
  A queen bee (shapeshifter) (Depths:4)
  3 meliai (shapeshifter)
  2 trolls (shapeshifter)
  2 wind drakes (Depths:2)
  27 hornets
  A blink frog (shapeshifter) (Depths:2)
  15 bog bodies
  9 tyrant leeches
  5 dream sheep
  12 hippogriffs
  20 slime creatures
  4 raiju (Depths:2)
  A meliai zombie (D:12)
  A frost giant simulacrum (Vaults:4)
  A raiju (shapeshifter) (D:14)
  22 blink frogs
  A hippogriff (shapeshifter) (Depths:2)
  46 redbacks
  28 tarantellas
  6 water elementals
  9 air elementals (Depths:2)
  An ettin skeleton (Vaults:3)
  A tarantella (shapeshifter) (D:14)
  64 yaks
  6 wyverns
  4 hogs (D:11)
  2 wraiths
  2 shadows
  4 basilisks
  6 fire elementals
  Grum (Lair:1)
  5 humans
  2 hungry ghosts
  13 vampire mosquitoes
  13 insubstantial wisps
  15 swamp worms
  An iron troll simulacrum (IceCv)
  3 harpy simulacra (IceCv)
  7 wargs
  A swamp worm (shapeshifter) (Vaults:4)
  3 acid dragons
  16 water moccasins
  A hydra simulacrum (IceCv)
  11 hell hounds
  Purgy (D:3)
  12 porcupines
  A swamp drake (shapeshifter) (Depths:2)
  3 ice beasts
  16 swamp drakes
  A sky beast (D:5)
  A human zombie (Vaults:4)
  An ogre (shapeshifter) (Depths:1)
  52 orc warriors
  2 phantoms
  An eye of draining (shapeshifter) (Depths:4)
  2 ettin simulacra
  2 eyes of draining
  2 necrophages
  28 ogres
  40 wolves
  5 boggarts (Depths:1)
  14 crocodiles
  3 big kobolds
  12 centaurs
  23 bullfrogs
  6 earth elementals (Depths:2)
  A deep troll simulacrum (Vaults:2)
  2 human skeletons
  A human simulacrum (Depths:3)
  A wyvern skeleton (D:6)
  A scorpion (shapeshifter) (Vaults:2)
  36 scorpions
  2 elf simulacra
  17 killer bees
  An electric eel (Lair:1)
  5 howler monkeys
  6 crimson imps
  5 centaur zombies
  2 bullfrog zombies
  4 centaur skeletons
  6 hounds
  5 jellies
  28 orc wizards
  35 orc priests
  A hound (shapeshifter) (Depths:4)
  4 bullfrog skeletons
  Jessica (D:3)
  Natasha (thrice) (D:4)
  9 iguanas
  9 worker ants
  A howler monkey zombie (D:5)
  4 worker ant zombies
  13 gnolls
  A howler monkey skeleton (D:9)
  19 adders
  5 shadow imps
  A white imp (Depths:4)
  An ooze (D:2)
  An adder zombie (D:7)
  5 worms
  2 ball lightnings (Depths:2)
  4 dart slugs
  6 leopard geckos
  115 orcs
  3 ball pythons
  6 giant cockroaches
  7 goblins
  8 hobgoblins
  12 jackals
  17 kobolds
  5 quokkas
  10 bats
  3 frilled lizards
  A leopard gecko zombie (D:4)
  A quokka skeleton (D:5)
  A quokka zombie (D:9)
  6 rats
  A plant (Depths:3)
2113 creatures vanquished.

Vanquished Creatures (others)
  A lich (Vaults:3)
  A death cob (Zot:1)
  A ghost moth (Spider:4)
  An ironheart preserver (Vaults:1)
  3 stone giants
  A very ugly thing (Depths:2)
  An ettin (Depths:1)
  3 yaktaur captains
  2 fire dragons
  2 vault guards
  A hydra (Swamp:4)
  A two-headed ogre (Depths:1)
  3 centaur warriors
  A dancing weapon (Depths:2)
  A deep troll earth mage (Vaults:4)
  A swamp dragon (Swamp:4)
  A spriggan druid (Swamp:4)
  A sea snake (shapeshifter) (Depths:2)
  A glowing orange brain (Depths:2)
  A deep troll (Depths:5)
  2 deep elf archers
  2 cyclopes (D:15)
  2 orb spiders (Spider:2)
  An orange demon (Depths:3)
  A gargoyle (Depths:2)
  A demonic crawler (Spider:4)
  5 yaktaurs
  A jumping spider (Spider:2)
  A hornet (Depths:4)
  A wind drake (Depths:2)
  A hippogriff (Lair:2)
  A slime creature (Swamp:2)
  5 dream sheep (D:5)
  2 spriggans
  An air elemental (Depths:2)
  A shadow (Swamp:4)
  3 fire elementals (Depths:2)
  A wyvern (D:15)
  3 redbacks
  2 yaks
  A warg (Vaults:5)
  A swamp worm (shapeshifter) (Depths:2)
  2 insubstantial wisps (Depths:2)
  10 centaurs
  3 ogres
  A crocodile (shapeshifter) (Depths:2)
  2 killer bees (D:10)
  3 orc priests
  An iguana (D:6)
  A worm (Lair:3)
  5 ball lightnings (Depths:2)
  A leopard gecko (D:10)
  4 orcs
  A giant cockroach (Lair:3)
  33 fungi
  173 plants
307 creatures vanquished.

Grand Total: 2420 creatures vanquished

Notes
Turn   | Place    | Note
-------+----------+-------------------------------------------
     0 | D:1      | Firecrotchwizard the Troll Monk began the quest for the Orb.
     0 | D:1      | Reached XP level 1. HP: 22/22 MP: 0/0
   216 | D:1      | Reached XP level 2. HP: 29/29 MP: 1/1
   589 | D:1      | Reached XP level 3. HP: 35/36 MP: 2/2
   689 | D:2      | Reached skill level 4 in Unarmed Combat
   837 | D:2      | Reached skill level 3 in Fighting
   865 | D:2      | Reached XP level 4. HP: 44/45 MP: 3/3
   988 | D:2      | Found a burning altar of Makhleb.
  1318 | D:3      | Reached skill level 5 in Unarmed Combat
  1321 | D:3      | Reached XP level 5. HP: 36/53 MP: 4/4
  1478 | D:3      | Noticed Purgy
  1493 | D:3      | Killed Purgy
  1493 | D:3      | Reached XP level 6. HP: 54/62 MP: 5/5
  1661 | D:3      | Noticed Jessica
  1665 | D:3      | Killed Jessica
  1808 | D:3      | Reached skill level 6 in Unarmed Combat
  2011 | D:4      | Found Xisk's Armour Shop.
  2046 | D:4      | Reached skill level 4 in Fighting
  2172 | D:4      | Noticed a slave
  2172 | D:4      | Noticed a slave
  2268 | D:4      | Found Osauwe Voiqi's Armour Shoppe.
  2289 | D:4      | Found Dotwaamo's Weapon Boutique.
  2299 | D:4      | Reached XP level 7. HP: 69/69 MP: 6/6
  2307 | D:4      | Reached skill level 7 in Unarmed Combat
  2468 | D:4      | Found Bamil's Assorted Antiques.
  2616 | D:4      | Bought a +1 cloak of magic resistance for 165 gold pieces
  2790 | D:4      | Noticed Natasha
  2795 | D:4      | Killed Natasha
  2837 | D:4      | Noticed Natasha
  2842 | D:4      | Killed Natasha
  2850 | D:4      | Noticed Natasha
  2853 | D:4      | Killed Natasha
  2881 | D:5      | Entered Level 5 of the Dungeon
  3025 | D:5      | Found a shimmering altar of Xom.
  3025 | D:5      | Noticed a dream sheep
  3025 | D:5      | Noticed a dream sheep
  3025 | D:5      | Noticed a dream sheep
  3025 | D:5      | Noticed a dream sheep
  3025 | D:5      | Noticed a dream sheep
  3030 | D:5      | Killed a dream sheep
  3030 | D:5      | Killed a dream sheep
  3031 | D:5      | Killed a dream sheep
  3031 | D:5      | Killed a dream sheep
  3033 | D:5      | Killed a dream sheep
  3045 | D:5      | Reached skill level 8 in Unarmed Combat
  3234 | D:5      | Reached skill level 5 in Fighting
  3237 | D:5      | Reached XP level 8. HP: 73/79 MP: 7/7
  3704 | D:6      | Reached skill level 9 in Unarmed Combat
  3830 | D:6      | Found a staircase to the Ecumenical Temple.
  3840 | Temple   | Entered the Ecumenical Temple
  3887 | Temple   | Became a worshipper of Ru the Awakened
  3892 | Temple   | Gained mutation: You are hated by all. [Ru sacrifice]
  3892 | Temple   | Reached * piety under Ru
  4029 | D:6      | Found a glowing drain.
  4034 | Sewer    | Entered a sewer
  4234 | D:6      | Found a radiant altar of Vehumet.
  4243 | D:6      | Found a snail-covered altar of Cheibriados.
  4246 | D:6      | Found an ancient bone altar of Kikubaaqudgha.
  4248 | D:6      | Found a glowing silver altar of Zin.
  4380 | D:6      | Reached skill level 6 in Fighting
  4759 | D:7      | Noticed a gargoyle
  4765 | D:7      | Reached skill level 10 in Unarmed Combat
  4783 | D:6      | Reached XP level 9. HP: 47/88 MP: 8/8
  4936 | D:7      | Reached skill level 1 in Armour
  5057 | D:7      | Reached skill level 2 in Armour
  5263 | D:7      | Noticed fitz's ghost (novice HOFi)
  5297 | D:7      | HP: 22/92 [fitz's ghost (12)]
  5301 | D:7      | Killed fitz's ghost
  5301 | D:7      | Reached skill level 7 in Fighting
  5301 | D:7      | Reached skill level 3 in Armour
  5490 | D:7      | Killed a gargoyle
  5490 | D:7      | Reached skill level 4 in Armour
  5637 | D:7      | Gained mutation: You cannot study or cast Poison magic. [Ru sacrifice]
  5637 | D:7      | Gained mutation: You cannot study or cast Hexes magic. [Ru sacrifice]
  5637 | D:7      | Gained mutation: You cannot study or cast Translocations magic. [Ru sacrifice]
  5637 | D:7      | Reached ** piety under Ru
  5711 | D:8      | Reached skill level 8 in Fighting
  5716 | D:8      | Reached XP level 10. HP: 90/104 MP: 9/9
  5830 | D:8      | Noticed a two-headed ogre
  5833 | D:8      | Reached skill level 5 in Armour
  5904 | D:8      | Found a sparkling altar of Nemelex Xobeh.
  6073 | D:8      | Noticed Joseph
  6102 | D:8      | Killed Joseph
  6259 | D:9      | Noticed Maurice
  6273 | D:9      | Killed Maurice
  6543 | D:9      | Noticed a two-headed ogre
  6546 | D:9      | a two-headed ogre changed into a merfolk
  6570 | D:9      | Reached skill level 6 in Armour
  6581 | D:9      | Reached skill level 9 in Fighting
  6672 | D:9      | You fall through a shaft!
  6672 | D:10     | Entered Level 10 of the Dungeon
  6681 | D:9      | Noticed a two-headed ogre
  6684 | D:9      | a two-headed ogre changed into a dream sheep
  6811 | D:9      | Found a shattered altar of Ashenzari.
  7224 | D:10     | Gained mutation: Your casting is slightly disrupted. [Ru sacrifice]
  7224 | D:10     | Reached *** piety under Ru
  7249 | D:10     | Found a staircase to the Orcish Mines.
  7261 | D:10     | Noticed an unseen horror
  7264 | D:10     | Killed an unseen horror
  7264 | D:10     | Reached skill level 7 in Armour
  7585 | D:10     | Noticed Psyche
  7597 | D:10     | Found Waev's Book Emporium.
  7634 | D:10     | Found a roughly hewn altar of Beogh.
  7638 | D:10     | Reached XP level 11. HP: 117/117 MP: 10/10
  7727 | D:10     | HP: 29/117 [troll (3)]
  7728 | D:10     | HP: 14/117 [troll (1)]
  7730 | D:10     | HP: 4/117 [troll (12)]
  7751 | D:10     | HP: 12/117 [troll (13)]
  7948 | D:10     | Found a portal to a secret trove of treasure.
  7976 | D:10     | Found a staircase to the Lair.
  8155 | Lair:1   | Entered Level 1 of the Lair of Beasts
  8169 | Lair:1   | Reached skill level 10 in Fighting
  8244 | Lair:1   | Identified a scroll of acquirement
  8284 | Lair:1   | Noticed Grum
  8287 | Lair:1   | Reached skill level 1 in Shields
  8301 | Lair:1   | Killed Grum
  8399 | Lair:1   | Noticed Sonja
  8410 | Lair:1   | Reached skill level 2 in Shields
  8435 | Lair:1   | Killed Sonja
  8459 | Lair:1   | Reached skill level 3 in Shields
  8549 | Lair:1   | Reached skill level 4 in Shields
  8706 | Lair:1   | Reached skill level 5 in Shields
  8802 | Lair:1   | Reached skill level 6 in Shields
  8806 | Lair:1   | Reached XP level 12. HP: 119/128 MP: 11/11
  9403 | Lair:2   | Reached skill level 7 in Shields
  9476 | Lair:2   | Noticed a six-headed hydra
  9492 | Lair:2   | Found a stormy altar of Qazlal.
 10097 | Lair:2   | Got an opalescent robe
 10108 | Lair:2   | Identified the +0 robe "Titeniq" {+Fly rF+} (You found it on level 2 of the Lair of Beasts)
 10145 | Lair:3   | Found a staircase to the Swamp.
 10395 | Lair:3   | Reached skill level 8 in Shields
 10494 | Lair:3   | Found a hole to the Spider Nest.
 10519 | Lair:3   | Noticed a death yak
 10519 | Lair:3   | Noticed a death yak
 10526 | Lair:3   | HP: 31/128 [poisoned by a swamp dragon (poison gas)]
 10531 | Lair:3   | HP: 18/128 [poisoned by a swamp dragon (poison gas)]
 10536 | Lair:3   | HP: 12/128 [poisoned by a swamp dragon (poison gas)]
 10541 | Lair:3   | HP: 9/128 [poisoned by a swamp dragon (poison gas)]
 10546 | Lair:3   | HP: 8/128 [poisoned by a swamp dragon (poison gas)]
 10551 | Lair:3   | HP: 9/128 [poisoned by a swamp dragon (poison gas)]
 10556 | Lair:3   | HP: 12/128 [poisoned by a swamp dragon (poison gas)]
 10562 | Lair:3   | HP: 16/128 [poisoned by a swamp dragon (poison gas)]
 10569 | Lair:3   | HP: 21/128 [poisoned by a swamp dragon (poison gas)]
 10577 | Lair:3   | HP: 28/128 [poisoned by a swamp dragon (poison gas)]
 10815 | Lair:3   | Noticed a death yak
 10817 | Lair:3   | Noticed a death yak
 10839 | Lair:3   | Killed a death yak
 10839 | Lair:3   | Reached skill level 9 in Shields
 10978 | Lair:3   | HP: 32/128 [poisoned by a swamp dragon (poison gas)]
 10983 | Lair:3   | HP: 18/128 [poisoned by a swamp dragon (poison gas)]
 10988 | Lair:3   | HP: 10/128 [poisoned by a swamp dragon (poison gas)]
 10993 | Lair:3   | HP: 31/128 [poisoned by a swamp dragon (poison gas)]
 10998 | Lair:3   | HP: 28/128 [poisoned by a swamp dragon (poison gas)]
 11003 | Lair:3   | HP: 26/128 [poisoned by a swamp dragon (poison gas)]
 11009 | Lair:3   | HP: 26/128 [poisoned by a swamp dragon (poison gas)]
 11016 | Lair:3   | HP: 28/128 [poisoned by a swamp dragon (poison gas)]
 11023 | Lair:3   | HP: 31/128 [poisoned by a swamp dragon (poison gas)]
 11341 | Lair:3   | Killed a death yak
 11380 | Lair:3   | Reached skill level 10 in Shields
 11393 | Lair:3   | Killed a death yak
 11417 | Lair:3   | Killed a death yak
 11722 | Lair:4   | Noticed Nergalle
 11742 | Lair:4   | Killed Nergalle
 11742 | Lair:4   | Reached XP level 13. HP: 129/135 MP: 12/12
 11846 | Lair:4   | Reached skill level 11 in Shields
 12926 | Lair:5   | Reached skill level 12 in Shields
 13335 | Lair:5   | Gained mutation: You cannot train Dodging skill. [Ru sacrifice]
 13335 | Lair:5   | Reduced skill Dodging to level 0
 13335 | Lair:5   | Reached **** piety under Ru
 13696 | Lair:6   | Entered Level 6 of the Lair of Beasts
 13998 | Lair:6   | Found a viscous altar of Jiyva.
 13998 | Lair:6   | Found a staircase to the Slime Pits.
 14039 | Lair:6   | Reached skill level 13 in Shields
 14521 | Lair:6   | Reached XP level 14. HP: 144/144 MP: 13/13
 14671 | Lair:6   | Reached skill level 14 in Shields
 15847 | D:11     | Gained mutation: You are sensitive to extremes of temperature. (rF-, rC-) [Ru sacrifice]
 15847 | D:11     | Reached ***** piety under Ru
 15847 | D:11     | Reached ****** piety under Ru
 15924 | D:11     | Got a scintillating marble ring
 15926 | D:11     | Identified the ring "Ugemnynn" {MP+9 Str+3 Int+4 Dex-4} (You acquired it on level 11 of the Dungeon)
 16453 | D:12     | Found a flickering gateway to a bazaar.
 16463 | Bazaar   | Entered a bazaar
 16485 | Bazaar   | Found Figg's Book Shop.
 16500 | Bazaar   | Found Medum's Magic Scroll Boutique.
 16529 | Bazaar   | Found Suintemn's Distillery.
 16529 | Bazaar   | Found Suuwett's Weapon Boutique.
 16550 | Bazaar   | Bought a potion of heal wounds for 65 gold pieces
 16550 | Bazaar   | Bought a potion of haste for 130 gold pieces
 16550 | Bazaar   | Bought a potion of cancellation for 104 gold pieces
 16550 | Bazaar   | Bought a potion of heal wounds for 65 gold pieces
 16575 | Bazaar   | Bought a scroll of identify for 16 gold pieces
 16575 | Bazaar   | Bought a scroll of identify for 16 gold pieces
 16575 | Bazaar   | Bought a scroll of teleportation for 24 gold pieces
 16575 | Bazaar   | Bought a scroll of fear for 28 gold pieces
 16575 | Bazaar   | Bought a scroll of magic mapping for 28 gold pieces
 16806 | D:12     | Reached skill level 15 in Shields
 17414 | D:12     | Reached skill level 1 in Throwing
 17673 | D:13     | Noticed Snorg
 17687 | D:13     | Killed Snorg
 17884 | D:13     | Reached skill level 2 in Throwing
 18335 | D:14     | Reached skill level 11 in Unarmed Combat
 18351 | D:14     | Reached skill level 3 in Throwing
 18356 | D:14     | Found a gate to the Vaults.
 18541 | D:14     | Reached skill level 4 in Throwing
 18654 | D:14     | Reached XP level 15. HP: 118/152 MP: 14/14
 18742 | D:14     | Reached skill level 12 in Unarmed Combat
 19348 | D:15     | Entered Level 15 of the Dungeon
 19746 | D:15     | Found Korchag's Book Boutique.
 19768 | D:15     | Reached skill level 5 in Throwing
 20000 | D:15     | Found a staircase to the Depths.
 20425 | D:15     | Reached skill level 13 in Unarmed Combat
 20843 | D:15     | Reached skill level 6 in Throwing
 20919 | Orc:1    | Entered Level 1 of the Orcish Mines
 21082 | Orc:1    | Found a roughly hewn altar of Beogh.
 21128 | Orc:2    | Entered Level 2 of the Orcish Mines
 21242 | Orc:2    | Noticed Saint Roka
 21270 | Orc:2    | Found a roughly hewn altar of Beogh.
 21400 | Orc:2    | HP: 33/152 [Saint Roka/divine providence (13)]
 21405 | Orc:2    | Killed Saint Roka
 21685 | Orc:2    | Found a staircase to the Elven Halls.
 21685 | Orc:2    | Noticed Azrael
 21709 | Orc:2    | Killed Azrael
 21709 | Orc:2    | Reached skill level 14 in Unarmed Combat
 21919 | Orc:2    | Found a roughly hewn altar of Beogh.
 21974 | Orc:2    | Found Cocyabem's Antique Armour Emporium.
 21978 | Orc:2    | Found Qayseg's Antique Weapon Shoppe.
 21980 | Orc:2    | Found a roughly hewn altar of Beogh.
 22066 | Orc:2    | Reached skill level 7 in Throwing
 22104 | Orc:2    | Found a roughly hewn altar of Beogh.
 22110 | Orc:2    | Found Tinidyka's Armour Boutique.
 22228 | Orc:2    | Found a roughly hewn altar of Beogh.
 22228 | Orc:2    | Found Dovewkon's Weapon Emporium.
 22499 | Orc:2    | Found a roughly hewn altar of Beogh.
 22635 | Orc:1    | Noticed Harold
 22650 | Orc:1    | Killed Harold
 23201 | Swamp:1  | Entered Level 1 of the Swamp
 23208 | Swamp:1  | Noticed Donald
 23225 | Swamp:1  | Killed Donald
 23225 | Swamp:1  | Reached XP level 16. HP: 134/161 MP: 8/15
 23521 | Swamp:1  | Got a transparent flail
 23662 | Swamp:1  | Reached skill level 8 in Throwing
 23742 | Swamp:1  | Got a brightly glowing glass ring
 23744 | Swamp:1  | Identified the ring "Joxux" {MP+9 Str+2 Int+2 SInv} (You acquired it on level 1 of the Swamp)
 24171 | Swamp:2  | Reached skill level 11 in Fighting
 25195 | Swamp:3  | Reached skill level 9 in Throwing
 25379 | Swamp:3  | Noticed Louise
 25429 | Swamp:3  | Killed Louise
 25674 | Swamp:3  | Noticed Kirke
 25698 | Swamp:3  | Killed Kirke
 26054 | Swamp:4  | Entered Level 4 of the Swamp
 26092 | Swamp:4  | HP: 35/165 [vampire mosquito (8)]
 26366 | Swamp:4  | Reached skill level 12 in Fighting
 26381 | Swamp:4  | Reached skill level 10 in Throwing
 26648 | Swamp:4  | Reached skill level 8 in Armour
 27260 | Swamp:4  | Got a decaying rune of Zot
 27411 | Spider:1 | Entered Level 1 of the Spider Nest
 27769 | Spider:1 | Reached XP level 17. HP: 128/175 MP: 16/16
 28221 | Spider:2 | Reached skill level 9 in Armour
 28848 | Spider:2 | Found a frozen archway.
 28880 | IceCv    | Entered an ice cave
 29025 | IceCv    | Reached skill level 13 in Fighting
 29135 | IceCv    | Found the +0 sword of Power
 29148 | IceCv    | HP: 34/176 [blizzard demon/bolt of lightning (32)]
 29804 | Spider:3 | HP: 41/176 [wolf spider (6)]
 29821 | Spider:3 | HP: 37/176 [wolf spider (10)]
 29826 | Spider:2 | HP: 17/176 [poisoned by a wolf spider]
 29827 | Spider:2 | HP: 7/176 [demonic crawler (8)]
 30311 | Spider:3 | Reached skill level 10 in Armour
 30560 | Spider:3 | Reached skill level 15 in Unarmed Combat
 31178 | Spider:4 | Entered Level 4 of the Spider Nest
 31520 | Spider:4 | Paralysed by a hornet for 1 turns
 31764 | Spider:4 | Reached skill level 16 in Unarmed Combat
 32195 | Spider:4 | Reached XP level 18. HP: 166/185 MP: 4/17
 32354 | Spider:4 | Got a gossamer rune of Zot
 32964 | D:13     | Reached skill level 17 in Unarmed Combat
 32989 | Vaults:1 | Entered Level 1 of the Vaults
 33798 | Vaults:1 | Noticed Aizul
 33823 | Vaults:1 | Killed Aizul
 34272 | Vaults:2 | Reached skill level 18 in Unarmed Combat
 34683 | Vaults:2 | Found a flickering gateway to a bazaar.
 34689 | Vaults:2 | Noticed an Ice Fiend
 34695 | Vaults:2 | Reached skill level 19 in Unarmed Combat
 34708 | Bazaar   | Entered a bazaar
 34708 | Bazaar   | Found Lemeqy's Magic Scroll Boutique.
 34866 | Bazaar   | Bought 2 scrolls of enchant armour for 180 gold pieces
 34866 | Bazaar   | Bought a scroll of teleportation for 36 gold pieces
 34866 | Bazaar   | Bought a scroll of fog for 24 gold pieces
 34866 | Bazaar   | Bought a scroll of teleportation for 36 gold pieces
 34866 | Bazaar   | Bought a scroll of teleportation for 36 gold pieces
 34875 | Bazaar   | Found Kowues's Antique Weapon Emporium.
 34883 | Bazaar   | Found Axasol's Assorted Antiques.
 34891 | Bazaar   | Bought a scroll labeled POIRYIPTYNU for 26 gold pieces
 34918 | Bazaar   | Found Gazoas's Gadget Emporium.
 34925 | Bazaar   | Bought a wand of iceblast (7) for 132 gold pieces
 34925 | Bazaar   | Bought a wand of disintegration (7) for 132 gold pieces
 35649 | Vaults:2 | Reached XP level 19. HP: 193/193 MP: 18/18
 36491 | Vaults:2 | Reached skill level 20 in Unarmed Combat
 36636 | Vaults:3 | HP: 48/195 [poisoned by a naga mage (bolt of poison)]
 36641 | Vaults:3 | HP: 40/195 [poisoned by a naga mage (bolt of poison)]
 36646 | Vaults:3 | HP: 36/195 [poisoned by a naga mage (bolt of poison)]
 36651 | Vaults:3 | HP: 34/195 [poisoned by a naga mage (bolt of poison)]
 36656 | Vaults:3 | HP: 34/195 [poisoned by a naga mage (bolt of poison)]
 36662 | Vaults:3 | HP: 35/195 [poisoned by a naga mage (bolt of poison)]
 36667 | Vaults:3 | HP: 37/195 [poisoned by a naga mage (bolt of poison)]
 36674 | Vaults:3 | HP: 41/195 [poisoned by a naga mage (bolt of poison)]
 36682 | Vaults:3 | HP: 45/195 [poisoned by a naga mage (bolt of poison)]
 36888 | Vaults:3 | Found a radiant altar of Vehumet.
 36912 | Vaults:3 | Identified the +0 hat "Boaphih" {rPois} (You found it on level 3 of the Vaults)
 37818 | Vaults:3 | Found a staircase to the Crypt.
 37818 | Vaults:3 | Found a basalt altar of Yredelemnul.
 37819 | Vaults:3 | Found an ancient bone altar of Kikubaaqudgha.
 38141 | Vaults:3 | Reached skill level 11 in Armour
 38161 | Vaults:3 | Reached skill level 14 in Fighting
 39657 | Vaults:4 | Reached skill level 12 in Armour
 39662 | Vaults:4 | Reached XP level 20. HP: 137/208 MP: 19/19
 40328 | Vaults:4 | Reached skill level 15 in Fighting
 40910 | Depths:1 | Entered Level 1 of the Depths
 41025 | Depths:1 | Found a gateway to a ziggurat.
 41410 | Depths:1 | Found a snail-covered altar of Cheibriados.
 41526 | Depths:1 | Reached skill level 13 in Armour
 41962 | Depths:1 | Found a gateway to Hell.
 42518 | Depths:2 | Noticed Jorgrun
 42524 | Depths:2 | Killed Jorgrun
 42940 | Depths:2 | Noticed a caustic shrike
 42940 | Depths:2 | a caustic shrike changed into a shadow dragon
 42951 | Depths:2 | Noticed a caustic shrike
 42951 | Depths:2 | a shadow dragon changed into a caustic shrike
 42953 | Depths:2 | a caustic shrike changed into an acid blob
 42956 | Depths:2 | Noticed a caustic shrike
 42956 | Depths:2 | an acid blob changed into a caustic shrike
 42964 | Depths:2 | a caustic shrike changed into an iron troll
 42973 | Depths:2 | Reached skill level 16 in Fighting
 43018 | Depths:2 | HP: 18/213 [spriggan air mage/bolt of lightning (37)]
 43274 | Depths:2 | Reached XP level 21. HP: 186/222 MP: 20/20
 43404 | Depths:2 | Noticed a caustic shrike
 43472 | Depths:2 | Reached skill level 14 in Armour
 43790 | Depths:2 | Reached XP level 22. HP: 229/234 MP: 21/21
 43800 | Depths:2 | Found the +8 trident of the Octopus King {venom, rElec rPois MR+}
 43960 | Depths:2 | Identified the Grimoire of Attacks and Flight
 44728 | Depths:3 | Noticed Sojobo
 44747 | Depths:3 | Reached skill level 17 in Fighting
 44753 | Depths:3 | HP: 37/235 [Sojobo/the air (27)]
 44754 | Depths:3 | HP: 8/235 [stone giant/large rock (30)]
 44802 | Depths:3 | HP: 56/235 [spriggan defender/lajatang of speed (9)]
 44811 | Depths:3 | HP: 40/235 [spriggan berserker/antimagic war axe (23)]
 44832 | Depths:3 | HP: 24/235 [spriggan defender/vampiric demon whip (18)]
 44870 | Depths:3 | HP: 40/235 [stone giant (14)]
 45522 | Depths:3 | Got a crystal dagger
 45589 | Depths:3 | Found a one-way gate leading to the halls of Pandemonium.
 45689 | Depths:3 | Got an encrusted spear {freeze}
 46241 | Depths:4 | Reached skill level 15 in Armour
 46422 | Depths:4 | Noticed Boris
 46431 | Depths:4 | Noticed a juggernaut
 46435 | Depths:4 | Killed Boris
 46450 | Depths:4 | Killed a juggernaut
 46641 | Depths:4 | HP: 52/237 [white very ugly thing (66)]
 46977 | Depths:4 | Noticed a golden dragon
 46982 | Depths:4 | Killed a golden dragon
 47077 | Depths:4 | Reached XP level 23. HP: 247/247 MP: 22/22
 47103 | Depths:4 | Reached skill level 18 in Fighting
 47177 | Depths:4 | Paralysed by a vampire knight for 7 turns
 47835 | Depths:4 | Reached skill level 16 in Armour
 47941 | Depths:4 | Found a one-way gate to the infinite horrors of the Abyss.
 47991 | Depths:4 | Found a shattered altar of Ashenzari.
 48001 | Depths:4 | HP: 55/249 [ettin/dire flail (27)]
 48040 | Depths:4 | Got fine pearl dragon scales
 48051 | Depths:4 | Identified the +0 pearl dragon scales of Meijisaf {rN+ MR+ Str+4} (You found it on level 4 of the Depths)
 48724 | Depths:4 | HP: 55/249 [cyan very ugly thing (21)]
 48731 | Depths:4 | HP: 54/249 [ice dragon (5)]
 49449 | Depths:5 | Entered Level 5 of the Depths
 49462 | Depths:5 | Noticed a caustic shrike
 49463 | Depths:5 | Noticed a caustic shrike
 49465 | Depths:5 | Noticed a caustic shrike
 49586 | Depths:5 | Noticed a caustic shrike
 49586 | Depths:5 | Noticed a caustic shrike
 49586 | Depths:5 | Noticed a caustic shrike
 49586 | Depths:5 | Noticed a caustic shrike
 49587 | Depths:5 | Noticed a caustic shrike
 49640 | Depths:4 | Upgraded the game from 0.21.0-37-g46506fa to 0.21.1
 49650 | Depths:4 | Killed a caustic shrike
 49660 | Depths:4 | Killed a caustic shrike
 49669 | Depths:4 | Killed a caustic shrike
 49669 | Depths:4 | Reached skill level 19 in Fighting
 49846 | Depths:4 | Killed a caustic shrike
 49930 | Depths:4 | Killed a caustic shrike
 49930 | Depths:4 | Reached skill level 17 in Armour
 50503 | Depths:5 | Reached XP level 24. HP: 261/261 MP: 22/22
 50612 | Depths:5 | Found a gate to the Realm of Zot.
 51705 | Vaults:5 | Entered Level 5 of the Vaults
 51836 | Vaults:4 | Reached skill level 21 in Unarmed Combat
 51947 | Vaults:4 | Reached skill level 20 in Fighting
 52314 | Vaults:5 | Noticed Lucherd's ghost (veteran GnGl)
 52321 | Vaults:5 | Noticed azzazzello's ghost (veteran DsFE)
 52458 | Vaults:5 | Killed azzazzello's ghost
 52682 | Vaults:5 | Noticed newst's ghost (veteran HOFi)
 52811 | Vaults:5 | Killed newst's ghost
 52842 | Vaults:5 | Killed Lucherd's ghost
 53069 | Vaults:5 | Noticed ck1fx's ghost (adept DsGl)
 53089 | Vaults:5 | Killed ck1fx's ghost
 53264 | Vaults:5 | Reached XP level 25. HP: 144/275 MP: 22/22
 53547 | Vaults:5 | Reached skill level 22 in Unarmed Combat
 53743 | Vaults:5 | Identified the ring of Life {*Tele +Fly Str+7 Stlth-} (You found it on level 5 of the Vaults)
 54018 | Vaults:5 | Identified Sif Muna's Handbook of the Unstable Entourage
 54244 | Vaults:5 | Got a silver rune of Zot
 54250 | Vaults:5 | Identified the Disquisition on Entrancing Protection
 54288 | Vaults:5 | Got a brightly glowing hand axe
 54335 | Vaults:5 | Got an ancient mace
 54646 | Vaults:5 | Found Gewk's General Store.
 54665 | Vaults:5 | Bought a scroll of blinking for 150 gold pieces
 54665 | Vaults:5 | Bought a potion of heal wounds for 100 gold pieces
 54665 | Vaults:5 | Bought a potion of agility for 80 gold pieces
 54665 | Vaults:5 | Bought a potion of curing for 60 gold pieces
 55102 | Zot:1    | Entered Level 1 of the Realm of Zot
 55405 | Zot:1    | HP: 65/269 [poison (dark miasma)]
 55410 | Depths:5 | HP: 42/269 [poison (dark miasma)]
 55928 | Zot:1    | Reached skill level 18 in Armour
 57451 | Zot:2    | HP: 60/272 [electric golem (15)]
 57452 | Zot:2    | HP: 15/272 [electric golem/bolt of lightning (21)]
 57453 | Zot:2    | Reached skill level 23 in Unarmed Combat
 57463 | Zot:2    | HP: 20/272 [green draconian/dire flail (2)]
 57469 | Zot:2    | HP: 52/276 [shadow dragon (13)]
 57489 | Zot:2    | HP: 7/276 [black draconian annihilator/crystal spear (41)]
 57508 | Zot:2    | Killed from afar by a storm dragon

Skill      XL: |  1  2  3  4  5  6  7  8  9 10 11 12 13 14 15 16 17 18 19 20 21 22 23 24 25 |
---------------+----------------------------------------------------------------------------+-----
Unarmed Combat | 4 5 6 8 10 11 14 16 19 20 21 23 | 23.1
Fighting       | 3 4 5 6 8 9 10 12 13 14 16 17 19 20 | 20.9
Armour         | 4 7 8 10 12 13 14 15 17 18 | 18.9
Shields        | 6 10 13 15 | 15.0
Dodging        | 0 |  0.0
Throwing       | 4 7 10 | 10.0
Stealth        | |  1.0

Action                   |  1- 3 |  4- 6 |  7- 9 | 10-12 | 13-15 | 16-18 | 19-21 | 22-24 | 25-27 || total
-------------------------+-------+-------+-------+-------+-------+-------+-------+-------+-------++-------
Melee: Unarmed           |   113 |   108 |   317 |   877 |  1786 |  1971 |  1203 |  1663 |   492 ||  8530
       Punch             |       |     3 |    10 |    21 |       |       |       |       |       ||    34
Throw: Large rock        |       |       |       |       |     8 |    73 |       |    15 |     2 ||    98
Invok: Sacrifice Love    |       |       |     1 |       |       |       |       |       |       ||     1
       Sacrifice Arcana  |       |       |     1 |       |       |       |       |       |       ||     1
       Sacrifice Essence |       |       |       |     1 |       |       |       |       |       ||     1
       Draw Out Power    |       |       |       |     1 |     1 |     1 |       |       |       ||     3
       Reject Sacrifices |       |       |       |     1 |       |       |       |       |       ||     1
       Sacrifice Nimblen |       |       |       |       |     1 |       |       |       |       ||     1
       Sacrifice Resista |       |       |       |       |     1 |       |       |       |       ||     1
       Power Leap        |       |       |       |       |     1 |     1 |       |       |       ||     2
       Apocalypse        |       |       |       |       |     1 |       |     2 |     2 |     1 ||     6
Evoke: Wand              |       |       |       |    12 |    12 |     2 |       |     1 |       ||    27
       Lamp of fire      |       |       |       |       |       |       |     1 |       |       ||     1
  Use: Scroll            |       |     4 |     5 |    10 |    13 |    15 |    11 |     4 |     2 ||    64
       Potion            |       |     2 |     1 |     1 |     4 |     7 |     4 |    10 |     5 ||    34
 Stab: Sleeping          |     3 |     3 |     4 |       |       |       |       |       |       ||    10
       Fleeing           |       |       |     1 |       |       |       |       |       |       ||     1
       Invisible         |       |       |       |     5 |    14 |    15 |     3 |    21 |     5 ||    63
       Distracted        |       |       |       |     2 |     7 |     8 |     5 |    19 |     2 ||    43
       Paralysed         |       |       |       |       |     6 |     8 |    15 |    12 |     2 ||    43
       Confused          |       |       |       |       |       |     3 |       |       |       ||     3
       Held in net/web   |       |       |       |       |       |     1 |       |       |       ||     1
  Eat: Chunk             |    13 |    13 |    31 |    62 |   104 |   100 |    73 |    78 |    31 ||   505
       Ration            |       |       |       |       |       |     5 |       |     2 |       ||     7
Armor: Robe              |    34 |    10 |       |       |       |       |       |       |       ||    44
       Troll leather arm |       |    15 |   106 |   194 |       |       |       |       |       ||   315
       Swamp dragon scal |       |       |       |     6 |   186 |   409 |       |       |       ||   601
       Fire dragon scale |       |       |       |       |    57 |    30 |   204 |   247 |       ||   538
       Gold dragon scale |       |       |       |       |       |       |       |   128 |   135 ||   263
Dodge: Dodged            |    55 |    42 |   126 |   199 |   202 |   348 |   123 |   184 |    36 ||  1315
Block: Other             |       |       |       |    28 |       |       |       |       |       ||    28
       Large shield      |       |       |       |   552 |  1525 |  1967 |   862 |  1375 |   370 ||  6651
       Reflection        |       |       |       |     1 |    66 |    53 |    30 |    47 |    13 ||   210

Vault maps used:
D:1:      erik_arrival_triangle_small
D:2:      nicolae_overflow_crystal_walls
D:3:      uniq_jessica, uniq_purgy
D:4:      serial_shops, nicolae_shop_crystal, shop, shop, shop, uniq_natasha,
          uniq_pikel
D:5:      first_ration, kb_xom_exploding_sheep
D:6:      minitemple, lemuel_temple_firewalk_a, portal_sewer_entry_e,
          roderic_cross_of_infinity
D:8:      nemelex_altar_shiori, uniq_joseph
D:9:      basic_altar, uniq_maurice
D:10:     lair_entry_dummy, minmay_orc_entry_temple_small, serial_shops,
          nicolae_shop_waterfront, enter_trove_3, uniq_psyche
D:11:     grunt_livestock
D:12:     serial_shops, bzr_entry_water
D:13:     uniq_snorg
D:14:     erik_vaults_2, hangedman_abyss_or_decor_lesser_grid
D:15:     grunt_enter_depths_hoard, hangedman_decor_push, serial_shops, shop
Temple:   regret_index_temple_sphere_string
Lair:1:   statuecave_lemuel, grunt_forest_large_clearings, grunt_megastairs_2,
          uniq_sonja, uniq_grum
Lair:2:   basic_altar
Lair:3:   minmay_swamp_entry_reptiles, nicolae_spider_entry_non_spiders,
          minivault_11
Lair:4:   lemuel_fruit_tree, lemuel_fruit_fields, infiniplex_staircase_pool_2,
          uniq_nergalle
Lair:6:   evilmike_catoblepas_cave, slime_altar_1,
          eino_small_chamber_without_monster, st_stairs_13, serial_bayou_shore_b
Swamp:1:  serial_swamp_ruin, evilmike_swamp_ruin_house_2,
          evilmike_swamp_ruin_house_1, uniq_donald
Swamp:2:  evilmike_swamp_ruin_wall, nicolae_swamp_very_dense_foliage
Swamp:3:  hangedman_swamp_diagram, swamp_pool3, uniq_kirke, uniq_louise
Swamp:4:  swamp_basic_johnstein, infiniplex_staircase_pool
Spider:1: spider_trap, hangedman_spider_mandibles
Spider:2: nicolae_spider_mines_3, portal_ice_cave_entry_ice_statue_two,
          nicolae_orb_island
Spider:3: spiders_nest_a
Spider:4: guppyfry_spider_rune
Orc:1:    minmay_orc_temple_a, uniq_harold
Orc:2:    grunt_orc_community_town_hall, grunt_orc_community_big_house_1,
          grunt_orc_community_big_house_2, grunt_orc_community_house_2,
          grunt_orc_community_house_2, grunt_orc_community_house_1,
          grunt_orc_community_house_2, grunt_orc_community_house_2,
          minmay_orc_temple_c, uniq_azrael
Vaults:1: nicolae_vaults_little_squares_5, v_pattern_4,
          vaults_standard_mumra_lines, grunt_vaults_diagonal, vaults_dpeg_cross,
          uniq_aizul
Vaults:2: v_alt_pattern_5, nicolae_vaults_murderbox,
          nicolae_vaults_network_periphery, v_misc_3, vaults_room_ringed_pool,
          ontoclasm_vaults_gateway, vaults_room_door_hall,
          ontoclasm_vaults_misaligned, nicolae_vaults_little_squares_2,
          nicolae_vaults_big_ls, dpeg_vaults_monster_box, serial_shops,
          bzr_entry_gold
Vaults:3: minmay_crypt_entry_necro_gods, nicolae_vaults_diagonal_hallway_6,
          hangedman_vaults_nails, v_pattern_5, grunt_tower_of_power,
          vaults_mumra_chevron_long, grunt_vaults_funnel,
          nicolae_vaults_mini_display_case, nicolae_vaults_border_crossing,
          nicolae_vaults_windows_and_doors_thing,
          ontoclasm_vaults_decontamination, nicolae_vaults_little_squares_2,
          vaults_dpeg_encased_lava
Vaults:4: v_alt_pattern_1, nicolae_vaults_big_angled_halls, v_misc_30,
          v_misc_13, v_rooms_5, v_misc_27, hangedman_vaults_hat,
          hangedman_vaults_locks, nicolae_vaults_halls_meeting,
          vaults_standard_mumra_x, nicolae_vaults_little_squares_3, v_misc_16,
          vaults_room_pool, vaults_dpeg_hooks, nicolae_vaults_asterisk
Vaults:5: serial_shops
Depths:1: enter_ziggurat_d, cheibriados_altar_1, hell_entry,
          serial_bayou_pond_d, spider_trap, st_stairs_10,
          kennysheep_generic_room_13, grunt_megastairs_1
Depths:2: radiant_caverns_b_rkd, hell_entry, uniq_jorgrun
Depths:3: minmay_spriggan_fort, minmay_misc_feat_chi,
          hangedman_tar_grid_catacomb, rand_demon_pan_entry_8,
          small_chamber_with_monster, minmay_staircase_bubble,
          serial_bayou_shore_a, uniq_sojobo
Depths:4: hangedman_grunt_twisty_little_passages, hell_entry, abyss_entry,
          evilmike_ruin_ashenzari, rand_demon_pan_entry_9, uniq_boris
Depths:5: grunt_crosshair, grunt_hell_horde, grunt_decor_resistance,
          serial_bayou_shore_b
Zot:1:    lemuel_draconian_sentries_small
Zot:2:    st_large_dragon_hoard_2
Bazaar:   bazaar_jpeg_honeycomb, bazaar_kb_twisted_cavern
Sewer:    sewer_big_baddie
IceCv:    ice_cave_tombish

Table legend:
 A = Turns spent in this place as a percentage of turns spent in the entire game.
 B = Non-inter-level travel turns spent in this place as a percentage of non-inter-level travel turns spent in the entire game.
 C = Inter-level travel turns spent in this place as a percentage of turns spent in this place.
 D = Turns resting spent in this place as a percentage of non-inter-level travel turns spent in this place.
 E = Turns spent auto-exploring this place as a percentage of non-inter-level travel turns spent in this place.
 F = Non-inter-level travel turns spent in this place divided by the number of levels of this place that you've seen.
                   A       B       C       D       E      F
               +-------+-------+-------+-------+-------+----------------------
         Total | 100.0 | 100.0 |   6.2 |  23.3 |  46.2 | 1123.9
       Dungeon |  23.1 |  22.6 |   8.3 |  11.7 |  62.6 | 813.9
        Temple |   0.2 |   0.2 |  12.0 |   0.0 |  91.6 |  95.0
          Lair |  13.6 |  13.2 |   8.7 |  14.9 |  51.9 | 1187.5
         Swamp |   7.2 |   7.4 |   4.8 |  18.8 |  48.9 | 991.5
   Spider Nest |   8.4 |   8.5 |   4.7 |  25.1 |  39.9 | 1145.5
  Orcish Mines |   3.8 |   3.8 |   5.7 |  19.1 |  45.3 | 1022.5
        Vaults |  19.4 |  19.0 |   8.4 |  25.2 |  41.6 | 2044.8
        Depths |  18.8 |  19.5 |   2.6 |  35.8 |  35.5 | 2101.0
           Zot |   3.8 |   4.0 |   0.0 |  51.1 |  24.3 | 1078.0
        Bazaar |   0.6 |   0.7 |   0.0 |  41.8 |  40.2 | 180.5
         Sewer |   0.2 |   0.2 |   0.0 |   0.0 |  67.3 | 101.0
      Ice Cave |   1.0 |   1.1 |   0.0 |  37.5 |  16.9 | 581.0
               +-------+-------+-------+-------+-------+----------------------

Table legend:
 A = Kills in this place as a percentage of kills in entire the game.
 B = Kills by you in this place as a percentage of kills by you in the entire game.
 C = Kills by friends in this place as a percentage of kills by friends in the entire game.
 D = Other kills in this place as a percentage of other kills in the entire game.
 E = Experience gained in this place as a percentage of experience gained in the entire game.
 F = Experience gained in this place divided by the number of levels of this place that you have seen.
                   A       B       C       D       E      F
               +-------+-------+-------+-------+-------+----------------------
         Total | 100.0 | 100.0 |   N/A | 100.0 | 100.0 | 24440.3
       Dungeon |  20.5 |  20.3 |   N/A |  26.7 |   5.4 | 4237.9
          Lair |  11.5 |  11.7 |   N/A |   5.0 |   5.4 | 10640.8
         Swamp |   6.8 |   6.8 |   N/A |   6.7 |   5.1 | 14967.0
   Spider Nest |   9.5 |   9.6 |   N/A |   5.0 |   6.6 | 19493.0
  Orcish Mines |   6.9 |   7.0 |   N/A |   3.3 |   2.1 | 12216.0
        Vaults |  20.9 |  20.8 |   N/A |  26.7 |  31.0 | 72826.0
        Depths |  19.7 |  19.6 |   N/A |  23.3 |  35.5 | 83402.0
           Zot |   2.7 |   2.7 |   N/A |   3.3 |   8.0 | 46656.5
         Sewer |   0.3 |   0.3 |   N/A |   0.0 |   0.0 | 115.0
      Ice Cave |   1.2 |   1.2 |   N/A |   0.0 |   0.8 | 8880.0
               +-------+-------+-------+-------+-------+----------------------
